 Dungeon Crawl Stone Soup version 0.30-a0-1103-g25895a7845 (webtiles) character file.

Game seed: 12693232526290329696

8 microfolk the Sneak (level 1, 0/17 HPs)
             Began as a Demigod Wanderer on Apr 18, 2023.
             Slain by a gnoll
             ... wielding a +0 club
              (6 damage)
             ... on level 1 of the Dungeon.
             The game lasted 00:01:19 (262 turns).

microfolk the Sneak (Demigod Wanderer)               Turns: 262, Time: 00:01:19

Health: 0/17       AC:  6    Str: 13    XL:     1   Next: 80%
Magic:  4/4        EV:  8    Int: 14    God:
Gold:   24         SH:  0    Dex: 13    Spells: 2/2 levels left

rFire   . . .      SeeInvis .    a - +2 dagger
rCold   . . .      Faith    .    (no shield)
rNeg    . . .      Spirit   .    c - +0 scale mail
rPois   .          Reflect  .    (no helmet)
rElec   .          Rampage  .    (no cloak)
rCorr   .                        (no gloves)
Will    .....                    (no boots)
Stlth   +                        (no amulet)
HPRegen 0.22/turn                (no ring)
MPRegen 0.09/turn                (no ring)

@: mighty
A: high MP 1, forlorn, divine attributes
a: no special abilities


You were on level 1 of the Dungeon.
You visited 1 branch of the dungeon, and saw 1 of its levels.

You collected 24 gold pieces.

Inventory:

Hand Weapons
 a - a +2 dagger (weapon)
Armour
 c - a +0 scale mail (worn)
Scrolls
 b - a scroll of blinking


   Skills:
 + Level 1.9 Fighting
 - Level 1.7 Armour
 + Level 3.7 Stealth
 + Level 1.1 Spellcasting
 * Level 1.3 Poison Magic


You had 2 spell levels left.
You didn't know any spells.
Your spell library contained the following spells:

 Spells                   Type           Power      Damage    Failure   Level
 Poisonous Vapours        Pois/Air       4%         N/A       80%         2
 Cigotuvi's Dreadful Rot  Necr/Pois/Air  4%         N/A       83%         2


Dungeon Overview and Level Annotations

Branches:
Dungeon (1/15)


Innate Abilities, Weirdness & Mutations

You have an increased reservoir of magic. (+10% MP)
You shall have no god before yourself.
Your divine heritage dramatically boosts your attributes as you level up.


Message History

You hit the endoplasm.
The endoplasm is severely wounded.
The endoplasm hits you.
* * * LOW HITPOINT WARNING * * *
You hit the endoplasm.
You kill the endoplasm!
You start resting.
HP restored.
A quokka comes into view.
The quokka closely misses you. The quokka bites you.
You closely miss the quokka.
The quokka bites you but does no damage.
You barely miss the quokka. The quokka closely misses you.
You hit the quokka.
The quokka is severely wounded.
The quokka bites you.
You closely miss the quokka.
The quokka is severely wounded.
The quokka closely misses you.
You barely miss the quokka.
The quokka is severely wounded.
The quokka bites you. x2
You hit the quokka.
You kill the quokka!
You start resting.
HP restored.
A gnoll comes into view. It is wielding a +0 club.
The gnoll shouts!
There is an open door here.
You close the door.
Okay, then.
A gnoll opens the door.
You closely miss the gnoll. The gnoll hits you with a +0 club.
You closely miss the gnoll. The gnoll hits you with a +0 club.
You closely miss the gnoll. The gnoll closely misses you.
You hit the gnoll but do no damage. The gnoll hits you with a +0 club.
* * * LOW HITPOINT WARNING * * *
You feel very mighty all of a sudden. The gnoll hits you with a +0 club.
You die...

..#.####.#(####........
..#........>...........
.......................
.............†.........
.#.###...###.#.........
.#.# #...# #.#.##......
.#.###...# #.#.# #.#...#
....##...###.#.###.#....
.........'.....g@.......
.........####.###.####.#
.........# #.....#
....g....####.#.#.###
#.......###.........#
........###.#.#.#.#.####
........+.....#.#......#
........#.#.###.###.#.##
#######.#......<......#


You could see a gnoll.

Vanquished Creatures
  A dart slug (D:1)
  3 endoplasms (D:1)
  A quokka (D:1)
5 creatures vanquished.

Notes
Turn   | Place    | Note
-------+----------+-------------------------------------------
     0 | D:1      | microfolk the Demigod Wanderer began the quest for the Orb.
     0 | D:1      | microfolk set off with the following items: a +2 dagger, a
                  | scroll of blinking, a +0 scale mail, a potion of might; and
                  | the following spells available to memorise: Poisonous
                  | Vapours, Cigotuvi's Dreadful Rot.
     0 | D:1      | Reached XP level 1. HP: 17/17 MP: 4/4
   262 | D:1      | Slain by a gnoll

Illustrated notes

Levels and vault maps discovered:
D:1:      roderic_chinese_lattice_arrival, layout_basic

Action                     || total
---------------------------++-------
  Melee: Dagger            ||    24
    Use: Potion            ||     1
 Armour: Scale mail        ||     4
  Dodge: Dodged            ||     5

Table legend: (Time is in decaauts)
 A = Elapsed time spent in this place.
 B = Non-inter-level travel time spent in this place.
 C = Inter-level travel time spent in this place.
 D = Time resting spent in this place.
 E = Time spent auto-exploring this place.
 F = Levels seen in this place.
 G = Mean time per level.
                   A        B        C        D        E       F      G
               +--------+--------+--------+--------+--------+-----+--------+
         Total |    262 |    262 |      0 |     68 |     97 |   1 |  262.0 |
       Dungeon |    262 |    262 |      0 |     68 |     97 |   1 |  262.0 |
               +--------+--------+--------+--------+--------+-----+--------+

Top non-repeatable levels by time:
     D:1: 262 daAuts
